 Dungeon Crawl Stone Soup version 0.30-a0-557-ge2afbf3030 (webtiles) character file.

Game seed: 18178312195733221897

2896 bmack86 the Cleaver (level 9, -8/81 HPs)
             Began as a Minotaur Fighter on Dec 28, 2022.
             Was a Believer of Okawaru.
             Mangled by a swamp worm (13 damage)
             ... on level 7 of the Dungeon.
             The game lasted 00:16:38 (5653 turns).

bmack86 the Cleaver (Minotaur Fighter)              Turns: 5653, Time: 00:16:38

Health: -8/81      AC: 17    Str: 24    XL:     9   Next: 49%
Magic:  8/8        EV:  8    Int:  5    God:    Okawaru [**....]
Gold:   82         SH:  5    Dex: 11    Spells: 8/8 levels left

rFire   . . .      SeeInvis .    a - +0 war axe
rCold   + . .      Faith    .    c - +0 buckler
rNeg    . . .      Spirit   .    e - +0 chain mail
rPois   .          Reflect  .    f - +0 hat
rElec   .          Harm     .    B - +0 cloak
rCorr   .          Rampage  .    C - +0 pair of gloves
Will    .....                    (no boots) Stlth
                                 m - amulet of the acrobat
HPRegen 0.33/turn                l - ring of protection from cold
MPRegen 0.11/turn                n - +4 ring of protection

@: very slow
A: horns 2, retaliatory headbutt
a: Renounce Religion, Heroism


You were on level 7 of the Dungeon.
You worshipped Okawaru.
Okawaru was pleased with you.
You visited 2 branches of the dungeon, and saw 9 of its levels.
You also visited: Ossuary.

You collected 176 gold pieces.
You spent 94 gold pieces at shops.

Inventory:

Hand Weapons
 a - a +0 war axe (weapon)
Missiles
 t - 3 poisoned darts (quivered)
Armour
 c - a +0 buckler (worn)
 e - a +0 chain mail (worn)
 f - a +0 hat (worn)
 B - a +0 cloak (worn)
 C - a +0 pair of gloves (worn)
Jewellery
 l - a ring of protection from cold (left hand)
 m - an amulet of the acrobat (around neck)
 n - a +4 ring of protection (right hand)
 q - a ring of ice
Wands
 y - a wand of iceblast (5)
 A - a wand of mindburst (16)
 E - a wand of light (7)
 G - a wand of polymorph (12)
Scrolls
 b - a scroll of acquirement {unknown}
 g - 2 scrolls of teleportation
 h - a scroll of blinking {unknown}
 r - a scroll of butterflies {unknown}
 v - 2 scrolls of fog {unknown}
 w - a scroll of enchant armour {unknown}
 D - a scroll of magic mapping {unknown}
Potions
 d - 2 potions of might
 i - 2 potions of lignification
 j - 2 potions of haste
 k - 2 potions of resistance
 o - a potion of berserk rage
 p - 3 potions of curing
 s - 3 potions of ambrosia
 u - 2 potions of heal wounds
 x - 3 potions of attraction
 z - a potion of degeneration
 F - 2 potions of brilliance
 H - a potion of cancellation {unknown}


   Skills:
 + Level 8.0 Fighting
 * Level 10.2 Axes
 + Level 7.9 Armour
 + Level 8.0 Shields


You had 8 spell levels left.
You didn't know any spells.
Your spell library contained the following spells:

 Spells                   Type           Power      Damage    Failure   Level
 Shock                    Conj/Air       0%         1d3       98%         1
 Static Discharge         Conj/Air       0%         2-2/arc   99%         2
 Ozocubu's Armour         Ice            0%         N/A       100%        3
 Portal Projectile        Hex/Tloc       0%         N/A       100%        3
 Alistair's Intoxication  Tmut/Pois      0%         N/A       100%        5
 Blade Hands              Tmut           0%         N/A       100%        5
 Metabolic Englaciation   Hex/Ice        0%         N/A       100%        5
 Statue Form              Tmut/Erth      0%         N/A       100%        6
 Tukima's Dance           Hex            Unusable   N/A       N/A         3
 Simulacrum               Ice/Necr       Unusable   N/A       N/A         6

Dungeon Overview and Level Annotations

Branches:
Dungeon (8/15)             Temple (1/1) D:5         Ossuary (visited)
   Lair: D:8-11

Altars:
Ashenzari
Cheibriados
Dithmenos
Gozag
Okawaru
Ru
Sif Muna
Trog
Uskayaw
Xom
Yredelemnul
The Shining One

Shops:
D:3 (   D:5 [


Innate Abilities, Weirdness & Mutations

You have a pair of horns on your head.
You reflexively headbutt those who attack you in melee.


Message History

The swamp worm bites you. You block the swamp worm's attack.
You hit the swamp worm but do no damage.
The swamp worm is moderately wounded.
You hit the swamp worm but do no damage.
You block the swamp worm's attack. The swamp worm bites you.
Your unstable footing causes you to fumble your attack.
The swamp worm bites you but does no damage.
The swamp worm barely misses you. You furiously retaliate!
You headbutt the swamp worm!
Your unstable footing causes you to fumble your attack.
The swamp worm bites you. The swamp worm closely misses you.
The swamp worm bites you but does no damage.
You hit the swamp worm.
The swamp worm is heavily wounded.
You hit the swamp worm but do no damage.
The swamp worm bites you but does no damage.
The swamp worm bites you! x2
You barely miss the swamp worm.
The swamp worm is heavily wounded.
You slash the swamp worm!
You kill the swamp worm!
Okawaru accepts your kill.
The swamp worm bites you but does no damage.
Your Fighting skill increases to level 8!
Your Shields skill increases to level 8!
You barely miss the swamp worm.
The swamp worm is heavily wounded.
The swamp worm bites you but does no damage.
Your unstable footing causes you to fumble your attack.
You block the swamp worm's attack. The swamp worm closely misses you.
You furiously retaliate!
You headbutt the swamp worm!
Your unstable footing causes you to fumble your attack.
The swamp worm bites you!
* * * LOW HITPOINT WARNING * * *
Your unstable footing causes you to fumble your attack.
The swamp worm bites you!
* * * LOW HITPOINT WARNING * * *
Your unstable footing causes you to fumble your attack.
The swamp worm bites you!
You die...

.........# .......### ##.
#..#...# ..# ......## ~~#
.....#####~ ~~###
........~~~ # ~~~##
.......~~~###/###≈~~#
......#~≈##~~~~~#~~~# #
...#..#~~#~!~~~w@~~~###...
...#...~≈##~~~~~#†~~......
.#####.~~≈###~###≈~~###...
...#...#~~~~###~~~~## #
##.#.# #..~~≈~≈~~####
#...# #.#~~~~~....# ##.##
#...##'####.#
#.#######.##.# #
#.......#.##.####.##


You could see a swamp worm.

Vanquished Creatures
  A swamp worm (D:7)
  Duvessa (D:5)
  A water moccasin (D:5)
  Pargi (D:4)
  An ice beast (D:6)
  A hornet zombie (Ossuary)
  2 black bears (D:6)
  3 ogres
  2 phantoms
  A bullfrog (D:6)
  2 gnoll sergeants (D:5)
  A necrophage (D:6)
  4 scorpions
  A wyvern zombie (Ossuary)
  A water moccasin zombie (Ossuary)
  Dowan (D:5)
  5 bullfrog zombies (Ossuary)
  2 centaur zombies (Ossuary)
  2 hounds
  2 jellies
  An orc priest (D:4)
  11 mummies (Ossuary)
  An iguana (D:5)
  Terence (D:2)
  3 orc wizards
  4 killer bee zombies (Ossuary)
  2 hound zombies (D:3)
  2 howler monkey zombies (Ossuary)
  8 gnolls
  4 adders
  A shadow imp (D:6)
  A white imp (D:8)
  An ufetubus (D:5)
  2 worms
  3 dart slugs
  16 orcs
  3 bats
  8 endoplasms
  2 giant cockroaches
  4 goblins
  7 hobgoblins
  3 kobolds (D:1)
  4 quokkas
  5 ball pythons
  A ball python zombie (D:3)
  2 frilled lizards
  A quokka zombie (D:3)
  6 rats
142 creatures vanquished.

Vanquished Creatures (others)
  11 plants
  10 withered plants (Ossuary)
21 creatures vanquished.

Grand Total: 163 creatures vanquished

Notes
Turn   | Place    | Note
-------+----------+-------------------------------------------
     0 | D:1      | bmack86 the Minotaur Fighter began the quest for the Orb.
     0 | D:1      | Reached XP level 1. HP: 19/19 MP: 0/0
   178 | D:1      | Reached XP level 2. HP: 27/27 MP: 1/1
   858 | D:2      | Reached skill level 3 in Axes
   988 | D:2      | Reached XP level 3. HP: 30/33 MP: 2/2
  1005 | D:2      | Noticed Terence
  1012 | D:2      | Killed Terence
  1132 | D:2      | Reached XP level 4. HP: 40/40 MP: 3/3
  1595 | D:3      | Found a basalt altar of Yredelemnul.
  1633 | D:3      | Reached skill level 4 in Axes
  1937 | D:3      | Found Viniam's Antique Weapon Shoppe.
  2101 | D:4      | Reached XP level 5. HP: 46/47 MP: 4/4
  2168 | D:4      | Identified the +7 great mace "Widowmaker" {heavy, MP+9
                  | Dex+3}
  2235 | D:4      | Reached skill level 5 in Axes
  2268 | D:4      | Noticed an ogre
  2268 | D:4      | Noticed Pargi
  2273 | D:4      | Killed an ogre
  2274 | D:4      | Reached skill level 5 in Fighting
  2274 | D:4      | Reached skill level 5 in Armour
  2274 | D:4      | Reached skill level 5 in Shields
  2274 | D:4      | Reached XP level 6. HP: 50/56 MP: 5/5
  2280 | D:4      | Killed Pargi
  2688 | D:4      | Found a sand-covered staircase.
  2697 | Ossuary  | Entered an ossuary
  2716 | Ossuary  | Reached skill level 6 in Axes
  2716 | Ossuary  | Reached XP level 7. HP: 26/61 MP: 6/6
  2884 | Ossuary  | Reached skill level 7 in Axes
  2931 | Ossuary  | Reached XP level 8. HP: 55/70 MP: 7/7
  3545 | D:5      | Entered Level 5 of the Dungeon
  3610 | D:5      | Reached skill level 8 in Axes
  3636 | D:5      | Found a staircase to the Ecumenical Temple.
  3650 | Temple   | Entered the Ecumenical Temple
  3690 | Temple   | Became a worshipper of Warmaster Okawaru
  3830 | D:5      | Found Ologamyc's Antique Armour Emporium.
  3864 | D:5      | Bought a pair of gloves for 94 gold pieces
  3888 | D:5      | Noticed Dowan
  3889 | D:5      | Noticed Duvessa
  3895 | D:5      | Killed Duvessa
  3898 | D:5      | Killed Dowan
  4097 | D:5      | Reached skill level 9 in Axes
  4099 | D:5      | Reached * piety under Okawaru
  4260 | D:5      | Got the Compendium of Amorphous Weather
  4377 | D:5      | Found a shadowy altar of Dithmenos.
  4499 | D:5      | Reached XP level 9. HP: 67/79 MP: 8/8
  4879 | D:6      | Reached ** piety under Okawaru
  5219 | D:6      | Reached skill level 10 in Axes
  5490 | D:6      | You fall into a shaft and drop 2 floors!
  5653 | D:7      | Mangled by a swamp worm

Illustrated notes

Levels and vault maps discovered:
D:1:      dpeg_arrival_renting, layout_loops_cross, fountainhead,
          minmay_misc_feat_doors, chequers_serial_rivers_micro_b
D:2:      layout_loops_ring, uniq_terence
D:3:      layout_basic, nicolae_yredelemnul_corpse_copse, serial_shops, shop
D:4:      layout_basic, enter_ossuary_1, minivault_19, uniq_pargi
D:5:      layout_loops_ring, grunt_dithmenos_shadows,
          minmay_temple_entry_overgrown, serial_shops, shop,
          nicolae_grassy_gnolls, uniq_duvessa
D:6:      layout_cave_pods, chequers_serial_rivers_micro_a
D:7:      layout_loops_corners, nzn_wu_jian_council_hall,
          nicolae_overflow_crystal_walls, worms_lemuel
D:8:      layout_loops_cross, marbit_many_paths, makhleb_altar_promises_db
Temple:   cyrus_temple_forest

Skill      XL: |  1  2  3  4  5  6  7  8  9 |
---------------+----------------------------+-----
Axes           | 3 4 5 6 7 9 10 | 10.2
Armour         | 4 5 6 7 |  7.9
Shields        | 4 5 6 7 8 |  8.0
Fighting       | 4 5 6 7 8 |  8.0

Action                   |  1- 3 |  4- 6 |  7- 9 || total
-------------------------+-------+-------+-------++-------
Melee: War axe           |    47 |    96 |   260 ||   403
       Headbutt          |     4 |    15 |    46 ||    65
Invok: Heroism           |       |       |     1 ||     1
  Use: Scroll            |     2 |     6 |     6 ||    14
       Potion            |       |     1 |     3 ||     4
Armor: Chain mail        |    28 |    95 |   145 ||   268
Dodge: Dodged            |    22 |    71 |   115 ||   208
Block: Buckler           |     6 |    32 |    63 ||   101

Table legend: (Time is in decaauts)
 A = Elapsed time spent in this place.
 B = Non-inter-level travel time spent in this place.
 C = Inter-level travel time spent in this place.
 D = Time resting spent in this place.
 E = Time spent auto-exploring this place.
 F = Levels seen in this place.
 G = Mean time per level.
                   A        B        C        D        E       F      G
               +--------+--------+--------+--------+--------+-----+--------+
         Total |   5780 |   5712 |     68 |    262 |   3113 |  10 |  578.0 |
       Dungeon |   5118 |   5050 |     68 |    160 |   3022 |   8 |  639.8 |
        Temple |     99 |     99 |      0 |      0 |      0 |   1 |   99.0 |
       Ossuary |    562 |    562 |      0 |    102 |     90 |   1 |  562.0 |
               +--------+--------+--------+--------+--------+-----+--------+

Top non-repeatable levels by time:
     D:4: 1020 daAuts
     D:5: 998 daAuts
     D:6: 855 daAuts
     D:1: 762 daAuts
     D:2: 657 daAuts
     D:3: 654 daAuts
 Ossuary: 562 daAuts
  Temple: 99 daAuts
     D:7: 99 daAuts
     D:8: 69 daAuts
